 Dungeon Crawl Stone Soup version 0.18-a0-900-gbbf5c82 (webtiles) character file.

438 vatarom the Skirmisher (level 7, 0/59 HPs)
             Began as a Formicid Fighter on Dec 24, 2015.
             Slain by a killer bee (7 damage)
             ... on level 4 of the Dungeon.
             The game lasted 00:11:33 (3235 turns).

vatarom the Skirmisher (Formicid Fighter)           Turns: 3235, Time: 00:11:33

Health: 0/59       AC:  9    Str: 26    XL:     7   Next: 22%
Magic:  2/2        EV:  8    Int:  9    God:
Gold:   269        SH: 14    Dex: 10    Spells: 0 memorised, 6 levels left

rFire  + . .     SeeInvis +     o - +2 hand axe (antimagic)
rCold  . . .     Gourm    .     b - +0 scale mail
rNeg   + . .     Faith    .     c - +1 shield
rPois  .         Spirit   .     (helmet unavailable)
rElec  .         Dismiss  .     i - +0 cloak
rCorr  .         Reflect  +     (no gloves)
SustAt .         Harm     .     (no boots)
MR     .....                    n - +3 amulet of reflection
Stlth  ..........               j - ring of positive energy
                                h - ring of protection from fire

@: mighty, lethally poisoned (0 -> -12), not resistant to hostile enchantments,
extremely unstealthy
A: permanent stasis, dig shafts and tunnels, four strong arms, antennae 3, icy
blue scales 1, MP-powered wands
a: Dig, Shaft Self


You were on level 4 of the Dungeon.
You were not hungry.

You visited 1 branch of the dungeon, and saw 5 of its levels.

You collected 269 gold pieces.

Inventory:

Hand Weapons
 a - a +2 war axe
 o - a +2 antimagic hand axe (weapon)
Armour
 b - a +0 scale mail (worn)
 c - a +1 shield (worn)
 i - a +0 cloak (worn)
Jewellery
 h - a ring of protection from fire (left hand)
 j - a ring of positive energy (right hand)
 n - a +3 amulet of reflection (around neck)
Scrolls
 e - 2 scrolls of identify
 k - a scroll of remove curse
Comestibles
 f - 3 bread rations
 g - 2 meat rations
 l - a beef jerky
 m - 21 fruits


   Skills:
 + Level 6.3 Fighting
 + Level 5.3 Axes
 - Level 3.2 Armour
 - Level 3.6 Shields


You had 6 spell levels left.
You didn't know any spells.

Dungeon Overview and Level Annotations

Branches:
Dungeon (5/15)
 Temple: D:4-7

Altars:
Gozag
Makhleb
Nemelex Xobeh
Okawaru
Trog
Xom

Shops:
D:4 }


Innate Abilities, Weirdness & Mutations

You are under a permanent stasis effect.
You can dig through walls and to a lower floor.
Your four strong arms can wield two-handed weapons with a shield.
You have a pair of large antennae on your head (SInv).
You are partially covered in icy blue scales (AC +1).
You expend magic power (3 MP) to strengthen your wands.


Message History

The killer bee is heavily wounded.
You closely miss the killer bee.
The killer bee is heavily wounded.
You closely miss the killer bee.
The killer bee is almost dead.
You feel sick. You block the killer bee's attack.
You block the killer bee's attack.
The killer bee stings you but does no damage. x3
You block the killer bee's attack.
You miss the killer bee.
The killer bee is heavily wounded.
You slash the killer bee!
You kill the killer bee!
You hit the killer bee.
The killer bee is severely wounded.
You block the killer bee's attack. The killer bee stings you.
* * * LOW HITPOINT WARNING * * *
You are lethally poisoned!
The killer bee poisons you! The killer bee stings you!
You die...

#..... ....
o... #...
#..# .O##
#†y# #@y##
#...#
##..##.#
#...#.#
#...#.#
######..#.#
#.......#.#
#.....#.#.#
.#.....#.#.#


You could see an ogre, 2 killer bees and an orc.

Vanquished Creatures
  An ogre (D:4)
  3 killer bees (D:4)
  2 hounds
  2 hound skeletons (D:4)
  5 adders
  2 worms (D:2)
  A giant gecko (D:4)
  10 orcs (D:4)
  A ball python (D:3)
  9 bats
  7 goblins
  8 hobgoblins
  5 giant cockroaches (D:1)
  A giant newt (D:3)
  7 jackals
  13 kobolds
  2 quokkas
  A quokka skeleton (D:4)
  9 rats
89 creatures vanquished.

Notes
Turn   | Place    | Note
--------------------------------------------------------------
     0 | D:1      | vatarom the Formicid Fighter began the quest for the Orb.
     0 | D:1      | Reached XP level 1. HP: 18/18 MP: 1/1
    90 | D:1      | Reached XP level 2. HP: 21/24 MP: 2/2
   261 | D:1      | Gained mutation: You are partially covered in icy blue scales (AC +1). [potion of mutation]
   261 | D:1      | Gained mutation: You expend magic power (3 MP) to strengthen your wands. [potion of mutation]
   462 | D:1      | Reached XP level 3. HP: 28/30 MP: 3/3
   749 | D:1      | Reached skill level 4 in Fighting
  1286 | D:2      | Reached XP level 4. HP: 30/38 MP: 4/4
  1689 | D:2      | Found a shimmering altar of Xom.
  1883 | D:3      | Reached XP level 5. HP: 35/43 MP: 5/5
  2040 | D:3      | Found a bloodstained altar of Trog.
  2126 | D:3      | Found an opulent altar of Gozag.
  2174 | D:3      | Found a burning altar of Makhleb.
  2224 | D:3      | Reached skill level 5 in Fighting
  2344 | D:3      | Found an iron altar of Okawaru.
  2633 | D:3      | You fall through a shaft for 2 floors!
  2633 | D:5      | Entered Level 5 of the Dungeon
  2689 | D:5      | Noticed a slave
  2793 | D:4      | Noticed an ogre
  2811 | D:4      | Killed an ogre
  2811 | D:4      | Reached XP level 6. HP: 40/51 MP: 6/6
  2830 | D:4      | Found Obylaaf's Gadget Shop.
  3035 | D:4      | Found a sparkling altar of Nemelex Xobeh.
  3223 | D:4      | Reached skill level 6 in Fighting
  3223 | D:4      | Reached skill level 5 in Axes
  3226 | D:4      | Reached XP level 7. HP: 50/58 MP: 2/7
  3235 | D:4      | Slain by a killer bee

Vault maps used:
D:1:      minmay_arrival_nine_rooms
D:2:      lemuel_doored_altar, first_bread, minmay_misc_feat_tower
D:3:      nicolae_overflow_hidden_temple, overflow_temple_1_default,
          lightli_temple_of_fire, nicolae_gozag_cash_rules_everything_around_me
D:4:      old_standard_altar, serial_shops, nicolae_shop_waterfront,
          glass_columns_c, dk_vineyard_1, minivault_5, minmay_misc_feat_pillars,
          minmay_box_of_dots
D:5:      kennysheep_mini, minmay_temple_entry_purple_smoke, uniq_pikel

Action                   |  1- 3 |  4- 6 |  7- 9 || total
-------------------------+-------+-------+-------++-------
Melee: War axe           |   105 |   164 |       ||   269
       Hand axe          |       |    12 |     7 ||    19
 Abil: Dig               |       |     1 |       ||     1
       Shaft Self        |       |     1 |       ||     1
  Use: Potion            |     4 |     2 |     2 ||     8
       Scroll            |     2 |     8 |       ||    10
  Eat: Bread ration      |     1 |     1 |       ||     2
